 Dungeon Crawl Stone Soup version 0.17-a0-1714-g35622ae (webtiles) character file.

18189 JEM123 the Tortoise (level 12, -1/90 HPs)
             Began as a Minotaur Fighter on Aug 22, 2015.
             Was a High Priest of Okawaru.
             Engulfed by an ice statue's freezing vapour (22 damage)
             ... in an ice cave on Aug 24, 2015.
             The game lasted 01:59:42 (15676 turns).

JEM123 the Tortoise (Minotaur Fighter)             Turns: 15676, Time: 01:59:42

Health: -1/90      AC: 24    Str: 23    XL:     12   Next: 25%
Magic:  17/20      EV:  8    Int: 14    God:    Okawaru [*****.]
Gold:   344        SH:  0    Dex: 11    Spells: 0 memorised, 11 levels left

rFire  . . .     SeeInvis .     i - +3 executioner's axe (freeze)
rCold  . . .     Clarity  .     O - +0 plate armour
rNeg   . . .     SustAt   .     (no shield)
rPois  .         Gourm    +     (helmet restricted)
rElec  .         Spirit   .     z - +0 cloak
rCorr  .         Warding  .     s - +0 pair of gloves
rMut   .         Stasis   .     H - +0 pair of boots
MR     .....                    p - amulet of the gourmand
Stlth  ..........               q - +5 ring of intelligence
                                C - ring of magical power

@: not resistant to hostile enchantments, extremely unstealthy
A: retaliatory headbutt, hooves 1, horns 2, yellow scales 1, clever 1, screaming
1, slow healing 1, MP-powered wands
a: Heroism, Finesse, Renounce Religion


You were in an ice cave.
You worshipped Okawaru.
Okawaru was extremely pleased with you.
You were not hungry.

You visited 3 branches of the dungeon, and saw 14 of its levels.
You also visited: Ice Cave.

You collected 520 gold pieces.
You spent 176 gold pieces at shops.

Inventory:

Hand weapons
 i - a +3 executioner's axe of freezing (weapon)
 y - a +2 flail of holy wrath
Missiles
 I - 10 tomahawks (quivered)
 W - 3 poisoned javelins
 Z - 4 steel tomahawks
Armour
 s - a +0 pair of gloves (worn)
 z - a +0 cloak (worn)
 H - a +0 pair of boots (worn)
 O - a +0 plate armour (worn)
 S - a +0 large shield
Jewellery
 a - an uncursed ring of fire
 p - an amulet of the gourmand (around neck)
 q - a +5 ring of intelligence (right hand)
 C - a ring of magical power (left hand)
 D - an uncursed ring of sustain attributes
 K - an uncursed ring of teleportation
 L - an uncursed amulet of faith
Magical devices
 n - a wand of fireball (1)
 t - a wand of paralysis (16)
 J - a wand of frost (20)
 M - a wand of polymorph (11)
 N - a wand of fire (4)
Scrolls
 f - 2 scrolls of fog
 h - 3 scrolls of teleportation
 l - 4 scrolls of fear
 m - a scroll of identify
 v - a scroll of blinking {unknown}
 w - 4 scrolls of immolation
 A - 3 scrolls of amnesia
 V - a scroll of remove curse
 Y - a scroll of vulnerability {unknown}
Potions
 b - a potion of haste
 d - 3 potions of might
 j - 2 potions of magic
 o - 5 potions of brilliance
 u - a potion of ambrosia
 x - a potion of curing
 B - a potion of cure mutation {unknown}
 E - a potion of agility
 G - a potion of heal wounds
Books
 c - a book of Fire

   Spells                             Type                      Level
   a - Ignite Poison                  Fire/Transmutation/Poison    3
   b - Fireball                       Conjuration/Fire             5
   c - Bolt of Fire                   Conjuration/Fire             6
   d - Delayed Fireball               Conjuration/Fire             7
   e - Ring of Flames                 Charms/Fire                  7
 g - a book of Dreams

   Spells                             Type                      Level
   a - Ensorcelled Hibernation        Hexes/Ice                    2
   b - Phase Shift                    Translocation                5
   c - Shadow Creatures               Summoning                    5
   d - Silence                        Hexes/Air                    5
   e - Darkness                       Hexes                        6
   f - Mass Confusion                 Hexes                        6
 k - a book of Alchemy

   Spells                             Type                      Level
   a - Sublimation of Blood           Necromancy                   2
   b - Ignite Poison                  Fire/Transmutation/Poison    3
   c - Alistair's Intoxication        Transmutation/Poison         4
   d - Condensation Shield            Ice                          4
   e - Petrify                        Transmutation/Earth          4
   f - Irradiate                      Conjuration/Transmutation    5
 F - a book of Debilitation

   Spells                             Type                      Level
   a - Corona                         Hexes                        1
   b - Slow                           Hexes                        2
   c - Gell's Gravitas                Hexes/Translocation          3
   d - Inner Flame                    Hexes/Fire                   3
   e - Cause Fear                     Hexes                        4
   f - Leda's Liquefaction            Hexes/Earth                  4
 Q - a book of the Sky

   Spells                             Type                      Level
   a - Summon Lightning Spire         Summoning/Air                4
   b - Airstrike                      Air                          4
   c - Silence                        Hexes/Air                    5
   d - Deflect Missiles               Charms/Air                   6
   e - Conjure Ball Lightning         Conjuration/Air              6
   f - Tornado                        Air                          9
Miscellaneous
 U - a plain deck of wonders
Comestibles
 e - 10 bread rations
 r - 2 royal jellies
 P - a meat ration


   Skills:
 - Level 3.6 Fighting
 - Level 16.1 Axes
 + Level 16.5 Armour
 - Level 3.6 Shields


You had 11 spell levels left.
You didn't know any spells.

Dungeon Overview and Level Annotations

Branches:
Dungeon (11/15)            Temple (1/1) D:6            Lair (2/8) D:10
    Orc (0/4) D:10

Altars:
Ashenzari
Cheibriados
Dithmenos
Elyvilon
Fedhas
Gozag
Kikubaaqudgha
Makhleb
Nemelex Xobeh
Okawaru
Qazlal
Ru
Sif Muna
Trog
Vehumet
Yredelemnul
Zin
The Shining One

Shops:
D:5 **((=

Annotations:
IceCv exclusion: ice statue


Innate Abilities, Weirdness & Mutations

You reflexively headbutt those who attack you in melee.
You have a pair of horns on your head.
You have large cloven feet.
You are partially covered in yellow scales (AC +2).
Your mind is acute. (Int +2)
You occasionally shout uncontrollably at your foes.
You heal slowly when monsters are visible.
You expend magic power (3 MP) to strengthen your wands.


Message History

You kill the ice beast!
The ice beast hits you. The ice beast freezes you!
You barely miss the ice beast.
The ice beast hits you but does no damage.
You hit the ice beast.
The ice beast is moderately wounded.
The ice beast barely misses you.
You slash the ice beast! You headbutt the ice beast!
You kill the ice beast!
The ice statue throws cold at you.
You barely miss the ice beast.
You are engulfed in freezing vapours.
The ice beast hits you but does no damage.
You closely miss the ice beast. You headbutt the ice beast.
The ice beast is lightly wounded.
You are engulfed in freezing vapours.
* * * LOW HITPOINT WARNING * * *
The ice beast hits you but does no damage.
You are too injured to fight recklessly!
You are engulfed in freezing vapours.
You die...

##.#.#
#...##
#.#.#
##.###
#.##
#.##
#..#
##.#
##@#
#§##
#Y#
#§§
##§§
§§§
#...
.8..
#..##


You could see an ice beast.

Vanquished Creatures
  A catoblepas (D:10)
  A death yak (IceCv)
  The ghost of tedric the Carver, an experienced HESk of Nemelex Xobeh (D:10)
  A hill giant (D:10)
  The ghost of gribnar the Basher, an experienced GrFi (D:6)
  A spiny frog (Lair:1)
  A fire drake (D:10)
  2 trolls
  4 polar bears (IceCv)
  Grinder (D:6)
  Prince Ribbit (D:8)
  A wyvern (D:8)
  28 yaks
  A hippogriff (Lair:1)
  18 wolves (IceCv)
  Menkaure (D:7)
  A steam dragon (D:8)
  3 water moccasins
  4 orc warriors
  4 ice beasts
  A wasp (D:8)
  2 porcupines (Lair:1)
  10 ogres
  3 sky beasts
  2 necrophages
  2 centaurs
  4 phantoms
  3 big kobolds
  Blork the orc (D:6)
  10 giant frogs
  4 scorpions
  16 killer bees
  5 wights
  4 crimson imps
  A jelly (D:9)
  A giant frog zombie (D:9)
  3 iguanas
  Crazy Yiuf (D:2)
  4 hounds
  3 orc priests
  A quasit (D:7)
  13 worker ants
  5 orc wizards
  2 hound skeletons
  A hound zombie (D:7)
  A worker ant zombie (D:7)
  7 gnolls
  Robin (D:3)
  8 adders
  2 shadow imps
  15 river rats (Lair:1)
  12 white imps (Lair:2)
  An ooze (D:4)
  7 worms
  9 giant geckos
  34 orcs
  4 hobgoblins
  3 jackals (D:1)
  2 quokkas
  A ball python (D:2)
  3 bats
  5 giant cockroaches
  2 giant gecko skeletons
  8 giant newts
  18 goblins
  2 jackal skeletons
  20 kobolds
  A quokka skeleton (D:6)
  11 rats
  2 fungi
  2 plants
359 creatures vanquished.

Notes
Turn   | Place    | Note
--------------------------------------------------------------
     0 | D:1      | JEM123 the Minotaur Fighter began the quest for the Orb.
     0 | D:1      | Reached XP level 1. HP: 19/19 MP: 0/0
   266 | D:1      | Reached XP level 2. HP: 26/26 MP: 1/1
   699 | D:1      | Reached skill level 4 in Axes
   956 | D:2      | Reached XP level 3. HP: 25/31 MP: 2/2
  1573 | D:2      | Reached skill level 5 in Axes
  1626 | D:2      | Noticed Crazy Yiuf
  1636 | D:2      | Killed Crazy Yiuf
  1636 | D:2      | Reached XP level 4. HP: 16/39 MP: 3/3
  2156 | D:4      | Reached skill level 6 in Axes
  2560 | D:3      | Found an opulent altar of Gozag.
  2621 | D:3      | Reached XP level 5. HP: 36/45 MP: 4/4
  2662 | D:3      | Found a bloodstained altar of Trog.
  2891 | D:4      | Noticed Robin
  2930 | D:3      | Killed Robin
  3031 | D:3      | Reached skill level 7 in Axes
  3585 | D:4      | Noticed an ogre
  3589 | D:4      | Killed an ogre
  3589 | D:4      | Reached skill level 8 in Axes
  3589 | D:4      | Reached XP level 6. HP: 46/51 MP: 5/5
  3774 | D:5      | Entered Level 5 of the Dungeon
  4357 | D:4      | Reached skill level 9 in Axes
  4394 | D:4      | Reached XP level 7. HP: 53/57 MP: 6/6
  4930 | D:5      | Found Byossune's Weapon Boutique.
  5009 | D:5      | Found Titaczulo's Jewellery Emporium.
  5174 | D:5      | Reached skill level 10 in Axes
  5217 | D:5      | Found Xushiqesch's Assorted Antiques.
  5220 | D:5      | Bought a potion of heal wounds for 110 gold pieces
  5233 | D:5      | Bought a scroll of remove curse for 66 gold pieces
  5264 | D:5      | Found Luxun's General Store.
  5734 | D:6      | Noticed Grinder
  5745 | D:5      | Found Zefig's Antique Weapon Shoppe.
  5814 | D:6      | Noticed gribnar's ghost (experienced GrFi)
  5846 | D:6      | Reached skill level 5 in Armour
  6198 | D:5      | Reached XP level 8. HP: 32/64 MP: 7/7
  6886 | D:5      | Gained mutation: Your mind is acute. (Int +2) [mutagenic meat]
  6887 | D:5      | Gained mutation: You expend magic power (3 MP) to strengthen your wands. [mutagenic meat]
  6888 | D:5      | Gained mutation: You are partially covered in yellow scales (AC +2). [mutagenic meat]
  6889 | D:5      | Gained mutation: You have large cloven feet. [mutagenic meat]
  6890 | D:5      | Upgraded the game from 0.17-a0-1711-gc5340a3 to 0.17-a0-1714-g35622ae
  6909 | D:6      | Killed Grinder
  7271 | D:6      | Noticed Blork the orc
  7282 | D:6      | Killed Blork the orc
  7282 | D:6      | Reached skill level 10 in Armour
  7405 | D:6      | Killed gribnar's ghost
  7405 | D:6      | Reached XP level 9. HP: 25/70 MP: 3/8
  7648 | D:6      | Reached skill level 11 in Armour
  7859 | D:6      | Found a staircase to the Ecumenical Temple.
  7871 | Temple   | Entered the Ecumenical Temple
  7908 | Temple   | Became a worshipper of Warmaster Okawaru
  8295 | D:7      | Reached skill level 12 in Armour
  8336 | D:7      | Found a glowing golden altar of the Shining One.
  8557 | D:7      | Found a shattered altar of Ashenzari.
  8648 | D:7      | Noticed Menkaure
  8766 | D:7      | Killed Menkaure
  8766 | D:7      | Acquired Okawaru's first power
  9495 | D:8      | Found a blossoming altar of Fedhas.
  9643 | D:8      | Reached XP level 10. HP: 19/77 MP: 9/9
 10255 | D:8      | Noticed Prince Ribbit
 10447 | D:8      | Reached skill level 13 in Axes
 10784 | D:8      | Found a sacrificial altar of Ru.
 10884 | D:8      | Gained mutation: You occasionally shout uncontrollably at your foes. [mutagenic meat]
 10885 | D:8      | Gained mutation: You heal slowly when monsters are visible. [mutagenic meat]
 11084 | D:8      | Killed Prince Ribbit
 11144 | D:8      | Reached skill level 14 in Axes
 11402 | D:10     | Entered Level 10 of the Dungeon
 11402 | D:10     | Found a staircase to the Orcish Mines.
 11656 | D:9      | Found a snail-covered altar of Cheibriados.
 11748 | D:9      | Reached skill level 15 in Axes
 11981 | D:9      | Received a gift from Okawaru
 11988 | D:9      | Reached XP level 11. HP: 43/82 MP: 10/10
 12495 | D:10     | Noticed tedric's ghost (experienced HESk)
 12589 | D:10     | Killed tedric's ghost
 12589 | D:10     | Acquired Okawaru's second power
 12589 | D:10     | Reached skill level 16 in Axes
 12666 | D:10     | Found a staircase to the Lair.
 13304 | D:10     | Noticed a hill giant
 13312 | D:10     | Killed a hill giant
 13392 | D:11     | Noticed a catoblepas
 13400 | D:10     | Killed a catoblepas
 13791 | Lair:1   | Entered Level 1 of the Lair of Beasts
 13810 | Lair:1   | Received a gift from Okawaru
 14391 | Lair:2   | Found a frozen archway.
 14512 | IceCv    | Entered an ice cave
 14732 | IceCv    | Reached skill level 15 in Armour
 15058 | IceCv    | Noticed a death yak
 15070 | IceCv    | Reached XP level 12. HP: 61/90 MP: 11/11
 15070 | IceCv    | Killed a death yak
 15647 | IceCv    | Noticed an ice statue
 15676 | IceCv    | Engulfed by an ice statue's freezing vapour

Vault maps used:
D:1:      evilmike_arrival_run_for_it, hex_medium
D:2:      serial_glass, glass_columns_a, glass_columns_c, due_unseen_surprise,
          minmay_strange_pillars, item_on_display_a, feat_on_display,
          minivault_25, minivault_11, fountainhead, uniq_crazy_yiuf_cottage
D:3:      lemuel_doored_altar, old_standard_altar, serial_bayou_pond_b
D:4:      first_bread, st_stairs_11, uniq_robin
D:5:      lemuel_upstairs_altar, serial_shops,
          nicolae_shop_competitors_out_of_business, shop, shop, shop, shop,
          serial_curves, eino_curves_04, eino_curves_02
D:6:      minmay_temple_entry_hall, lightli_orcish_oven, uniq_blork_the_orc,
          uniq_grinder
D:7:      nicolae_ashenzari_panopticon, nicolae_tso_swordbearing_angel,
          uniq_menkaure
D:8:      fedhas_bush_and_centaur_altar, nicolae_ru_awakened_eye,
          uniq_prince_ribbit1
D:9:      kennysheep_mini_moat
D:10:     minmay_lair_entry_lava
D:11:     nicolae_trove_entry_path_of_doom
Temple:   triangle_lava_temple_12
Lair:1:   nicolae_lair_grove_arrangements, beast_lair_carwin_10
Lair:2:   portal_ice_cave_entry_imps, lemuel_fruit_fields
IceCv:    ice_cave_caverns_01

Action                   |  1- 3 |  4- 6 |  7- 9 | 10-12 || total
-------------------------+-------+-------+-------+-------++-------
Melee: War axe           |   102 |    71 |   394 |    14 ||   581
       Flail             |       |    50 |    66 |       ||   116
       Battleaxe         |       |       |       |   356 ||   356
       Executioner's axe |       |       |       |   198 ||   198
 Fire: Blowgun           |       |     2 |     7 |       ||     9
Throw: Throwing net      |       |       |       |     1 ||     1
       Tomahawk          |       |       |       |     1 ||     1
Invok: Heroism           |       |       |       |     5 ||     5
Evoke: Wand              |       |       |     4 |     1 ||     5
  Use: Scroll            |       |     7 |    12 |     9 ||    28
       Potion            |       |       |     4 |     5 ||     9
 Stab: Sleeping          |       |     1 |       |       ||     1
  Eat: Chunk             |     2 |     9 |    14 |    18 ||    43
       Beef jerky        |       |       |     3 |     1 ||     4
       Fruit             |       |       |     4 |       ||     4
       Meat ration       |       |       |       |     2 ||     2
